 Dungeon Crawl Stone Soup version 0.24-a0-123-ga2403f3 (console) character file.

Game seed: 7875007436447072658

10849 Voker57 the Carver (level 11, -5/78 HPs)
             Began as a Demonspawn Gladiator on Feb 22, 2019.
             Was a Priest of Hepliaklqana.
             Slain by a freezing wraith (9 damage)
             ... on level 10 of the Dungeon.
             The game lasted 00:18:18 (10097 turns).

Voker57 the Carver (Demonspawn Gladiator)          Turns: 10097, Time: 00:18:20

Health: -5/78      AC: 17    Str: 15    XL:     11   Next: 41%
Magic:  12/12      EV: 14    Int:  9    God:    Hepliaklqana [***...]
Gold:   772        SH:  0    Dex: 18    Spells: 10/10 levels left

rFire    + . .     SeeInvis .   p - +5 long sword (curse)
rCold    + . .     Gourm    .   (no shield)
rNeg     . . .     Faith    .   d - +4 scale mail {MR+}
rPois    +         Spirit   .   c - +0 helmet
rElec    +         Reflect  .   (no cloak)
rCorr    +         Harm     .   (no gloves)
MR       +....                  (no boots)
Stlth    ..........             l - amulet of the acrobat
HPRegen  0.23/turn              (no ring)
MPRegen  0.13/turn              (no ring)

@: resistant, slowed, very slow
A: reduced essence, hooves 2, yellow scales 3, spiny 1
a: Recall Ancestor, Ancestor Identity, Transference, Renounce Religion


You were on level 10 of the Dungeon.
You worshipped Hepliaklqana.
Hepliaklqana was most pleased with you.
You were not hungry.

You visited 1 branch of the dungeon, and saw 10 of its levels.
You also visited: Bailey.

You collected 772 gold pieces.

Inventory:

Hand Weapons
 a - a +0 long sword
 p - a cursed +5 long sword (weapon)
Missiles
 m - 6 curare-tipped needles
Armour
 c - a +0 helmet (worn)
 d - a +4 scale mail of magic resistance (worn)
Jewellery
 l - an amulet of the acrobat (around neck)
 s - an uncursed ring of see invisible {unknown}
 y - an uncursed amulet of regeneration {unknown}
Wands
 h - a wand of iceblast (3)
 j - a wand of flame (18)
 n - a wand of clouds (9)
 v - a wand of random effects (19)
 F - a wand of enslavement (7)
Scrolls
 e - 3 scrolls of remove curse
 k - 3 scrolls of enchant weapon
 o - a scroll of magic mapping
 x - 2 scrolls of identify
 B - a scroll of acquirement {unknown}
 C - a scroll of amnesia
Potions
 b - a potion of haste
 g - 6 potions of curing
 q - a potion of flight
 r - a potion of cancellation {unknown}
 u - 6 potions of agility {unknown}
 w - 2 potions of resistance
 z - a potion of magic {unknown}
 A - a potion of brilliance {unknown}
 D - a potion of berserk rage {unknown}
Comestibles
 f - 12 rations


   Skills:
 + Level 8.4 Fighting
 * Level 10.9 Long Blades
 - Level 1.7 Throwing
 + Level 7.1 Armour
 + Level 8.0 Dodging
 + Level 2.0 Invocations


You had 10 spell levels left.
You didn't know any spells.
Your spell library contained the following spells:

 Spells                   Type           Power        Failure   Level  Hunger
 Flame Tongue             Conj/Fire      #....        80%         1    ##.....
 Throw Flame              Conj/Fire      #.....       90%         2    ###....
 Conjure Flame            Conj/Fire      #.......     99%         3    ####...
 Inner Flame              Hex/Fire       #.......     99%         3    ####...
 Sticky Flame             Conj/Fire      #.......     100%        4    #####..
 Fireball                 Conj/Fire      #.........   100%        5    ######.


Dungeon Overview and Level Annotations

Branches:
Dungeon (10/15)            Temple (0/1) D:6            Lair (0/6) D:8
    Orc: D:9-12

Altars:
Cheibriados
Dithmenos
Elyvilon
Fedhas
Hepliaklqana
Qazlal
Uskayaw
Wu Jian
Xom
Zin


Innate Abilities, Weirdness & Mutations

You have hoof-like feet.
You are completely covered in yellow scales. (AC +4, rCorr)
You are partially covered in sharp spines.
Your life essence is reduced to manifest your ancestor. (-10% HP)


Message History

Unknown command.
Evoke which item? (* to show all) (? for menu, Esc to quit)
Aiming: Enslavement
Press: ? - help, Shift-Dir - straight line, f - freezing wraith
Aim: a freezing wraith (heavily damaged, chance to defeat MR: 28%)
Okay, then.
Unknown command.
You feel better. The freezing wraith closely misses you.
You riposte.
You barely miss the freezing wraith.
The freezing wraith is heavily damaged.
The freezing wraith completely misses you.
You feel better. The freezing wraith hits you.
* * * LOW HITPOINT WARNING * * *
The freezing wraith freezes you! You resist.
* * * LOW HITPOINT WARNING * * *
The freezing wraith hits you but does no damage.
The freezing wraith hits you.
* * * LOW HITPOINT WARNING * * *
The freezing wraith freezes you! You resist.
You die...

.........##....#..#
.........##.......#
.........##....<..#
.........##.......#
..................#
........####......#
........#..#(.<..)#
........#..#......#
......<.#..#......#
.......@W..#.###..#
######..#..#......#
#..#..#......#
#..#..'......#
#..#..#......#
#..#..#......# #.
#..+..#......#
#.###..#..#......#
....##....#....#.#
.....##...#....# #


You could see a freezing wraith.

Vanquished Creatures
  A two-headed ogre (D:9)
  Pikel (D:5)
  Psyche (D:9)
  A kobold demonologist (D:8)
  A troll (D:10)
  A hippogriff (D:9)
  2 yaks (D:8)
  A steam dragon (D:8)
  2 hungry ghosts (D:7)
  Menkaure (D:4)
  Edmund (D:6)
  3 porcupines (D:8)
  2 black bears (D:7)
  An orc warrior (D:8)
  2 phantoms
  3 slaves (D:5)
  2 ice beasts
  2 sky beasts
  5 ogres
  A necrophage (D:10)
  5 centaurs
  3 crocodiles
  13 big kobolds (D:8)
  2 gnoll sergeants
  4 bullfrogs
  2 scorpions
  A wyvern zombie (D:6)
  7 wights
  3 howler monkeys
  8 crimson imps
  2 jellies (D:8)
  An iron imp (D:9)
  3 orc priests
  6 hounds
  10 orc wizards
  2 centaur skeletons
  2 iguanas
  Natasha (thrice) (D:2)
  Terence (D:2)
  8 worker ants
  17 gnolls
  2 adders
  5 shadow imps
  2 oozes
  6 worms
  An adder skeleton (D:4)
  2 dart slugs
  3 leopard geckos
  38 orcs
  7 bats
  6 giant cockroaches
  12 goblins
  6 hobgoblins
  13 jackals
  18 kobolds
  3 quokkas
  2 ball pythons
  3 frilled lizards
  A giant cockroach zombie (D:5)
  A leopard gecko zombie (D:5)
  2 rats (D:2)
  A plant (D:4)
271 creatures vanquished.

Vanquished Creatures (collateral kills)
  An unseen horror (D:10)
  A manticore (D:10)
  Joseph (D:8)
  2 yaks (D:8)
  A basilisk (D:8)
  A necrophage (D:9)
  An ogre (D:8)
  A crocodile (D:8)
  2 big kobolds
  A bullfrog (D:10)
  A wight (D:6)
  A howler monkey (D:7)
  A bullfrog zombie (D:9)
  2 orc wizards
  An iguana (D:7)
  2 worker ants
  A gnoll (D:8)
  An adder (D:4)
  A shadow imp (D:7)
  An adder zombie (D:8)
  An adder skeleton (D:7)
  A leopard gecko (D:4)
  3 orcs
  A goblin (D:7)
  A quokka (D:7)
  A jackal skeleton (D:7)
32 creatures vanquished.

Vanquished Creatures (others)
  A battlemage (D:10)
  3 ancestors
  A plant (D:4)
5 creatures vanquished.

Grand Total: 308 creatures vanquished

Notes
Turn   | Place    | Note
-------+----------+-------------------------------------------
     0 | D:1      | Voker57 the Demonspawn Gladiator began the quest for the
                  | Orb.
     0 | D:1      | Reached XP level 1. HP: 16/16 MP: 1/1
    80 | D:1      | Reached skill level 3 in Long Blades
    81 | D:1      | Gained mutation: You have large cloven feet. [demonic
                  | ancestry]
    81 | D:1      | Reached XP level 2. HP: 21/22 MP: 2/2
   906 | D:2      | Gained mutation: You are partially covered in yellow
                  | scales. (AC +2) [demonic ancestry]
   906 | D:2      | Reached XP level 3. HP: 28/28 MP: 3/3
   928 | D:2      | Noticed Terence
   933 | D:2      | Noticed Natasha
   950 | D:2      | Killed Terence
   955 | D:2      | Killed Natasha
   955 | D:2      | Gained mutation: You are mostly covered in yellow scales.
                  | (AC +3) [demonic ancestry]
   955 | D:2      | Reached XP level 4. HP: 27/34 MP: 4/4
  1246 | D:2      | Found a shadowy altar of Dithmenos.
  1285 | D:2      | Noticed Natasha
  1297 | D:2      | Killed Natasha
  1297 | D:2      | Reached skill level 4 in Long Blades
  1689 | D:2      | Noticed Natasha
  1702 | D:2      | Killed Natasha
  1702 | D:2      | Reached XP level 5. HP: 15/41 MP: 5/5
  2103 | D:3      | Reached skill level 1 in Armour
  2238 | D:3      | Found a shimmering altar of Xom.
  2532 | D:3      | Reached XP level 6. HP: 26/47 MP: 6/6
  2550 | D:3      | Paralysed by a crimson imp for 5 turns
  3160 | D:3      | Reached skill level 5 in Long Blades
  3730 | D:4      | Gained mutation: You have hoof-like feet. [demonic
                  | ancestry]
  3730 | D:4      | Reached XP level 7. HP: 53/53 MP: 7/7
  4315 | D:4      | Found a blossoming altar of Fedhas.
  4594 | D:4      | Found a hazy altar of Hepliaklqana.
  4661 | D:4      | Became a worshipper of Hepliaklqana the Forgotten
  4777 | D:4      | Noticed Menkaure
  4796 | D:4      | Killed Menkaure
  4796 | D:4      | Reached skill level 6 in Long Blades
  5141 | D:4      | Gained mutation: You are partially covered in sharp spines.
                  | [demonic ancestry]
  5141 | D:4      | Reached XP level 8. HP: 54/54 MP: 8/8
  5243 | D:5      | Entered Level 5 of the Dungeon
  5388 | D:5      | You fall through a shaft for 2 floors!
  5493 | D:7      | Reached skill level 5 in Dodging
  5496 | D:7      | Reached skill level 5 in Fighting
  5668 | D:7      | Reached skill level 7 in Long Blades
  5809 | D:7      | Gained mutation: You are completely covered in yellow
                  | scales. (AC +4, rCorr) [demonic ancestry]
  5809 | D:7      | Reached XP level 9. HP: 61/61 MP: 9/9
  5868 | D:7      | Found a glowing silver altar of Zin.
  6019 | D:7      | Found a hide-covered altar of Uskayaw.
  6059 | D:7      | Found a flagged portal.
  6080 | Bailey   | Entered a bailey
  6523 | D:6      | Reached * piety under Hepliaklqana
  6566 | D:6      | Reached skill level 8 in Long Blades
  6602 | D:6      | Noticed Edmund
  6605 | D:6      | Found a staircase to the Ecumenical Temple.
  6628 | D:5      | Noticed Pikel
  6660 | D:5      | Killed Pikel
  6660 | D:5      | Reached skill level 5 in Armour
  7413 | D:5      | Found a stormy altar of Qazlal.
  7413 | D:5      | Found an ornate altar of the Wu Jian Council.
  7946 | D:6      | Reached ** piety under Hepliaklqana
  7947 | D:6      | Remembered your ancestor Agathoclea as a battlemage
  8000 | D:6      | Killed Edmund
  8000 | D:6      | Reached skill level 9 in Long Blades
  8018 | D:6      | Reached XP level 10. HP: 64/69 MP: 10/10
  8496 | D:8      | Noticed Joseph
  8510 | D:8      | Killed Joseph
  8609 | D:8      | Found a staircase to the Lair.
  9017 | D:8      | Reached skill level 10 in Long Blades
  9381 | D:9      | Reached XP level 11. HP: 72/77 MP: 11/11
  9444 | D:9      | Noticed a two-headed ogre
  9451 | D:9      | Killed a two-headed ogre
  9501 | D:9      | Found a snail-covered altar of Cheibriados.
  9856 | D:9      | Noticed Psyche
  9863 | D:9      | Killed Psyche
 10003 | D:10     | Entered Level 10 of the Dungeon
 10022 | D:10     | Reached *** piety under Hepliaklqana
 10045 | D:10     | Found a snail-covered altar of Cheibriados.
 10046 | D:10     | Found a glowing silver altar of Zin.
 10046 | D:10     | Found an ornate altar of the Wu Jian Council.
 10046 | D:10     | Found a white marble altar of Elyvilon.
 10063 | D:10     | Killed an unseen horror
 10063 | D:10     | Reached skill level 1 in Invocations
 10068 | D:10     | Identified the ring "Seureff" {rF+ rC- MP+9 EV+1 Int+4}
 10068 | D:10     | Noticed a wizard
 10078 | D:10     | HP: 2/78 [wizard/crystal spear (34)]
 10095 | D:10     | HP: 3/78 [freezing wraith (9)]
 10097 | D:10     | Slain by a freezing wraith

Levels and vault maps discovered:
D:1:      shiori_arrival_oz, layout_basic
D:2:      layout_basic, nicolae_dithmenos_shadow_blocks, uniq_natasha,
          uniq_terence
D:3:      layout_loops_ring, led_xom_imps
D:4:      cheibrodos_old_hovel, layout_gridville, lemuel_crystal_altar,
          fedhas_altar_1, uniq_menkaure
D:5:      layout_layer_cave, chequers_temple_overflow_statue_of_worship,
          first_ration, uniq_pikel
D:6:      layout_basic, minmay_temple_entry_slanted, uniq_edmund
D:7:      cheibrodos_quashed, layout_basic, zin_treasury,
          eat_drink_and_be_merry_uskayaw, enter_bailey_3
D:8:      layout_basic, minmay_lair_entry_grove, special_room
          [special_room_kobold], uniq_joseph
D:9:      layout_loops_ring, slow_altar_1, uniq_psyche
D:10:     minmay_the_grid_octo_tiled_squarecenter [minmay_the_grid_octo_shrine,
          minmay_the_grid_octo_toaster, minmay_the_grid_octo_vomiting_pacman,
          minmay_the_grid_octo_checkerflower,
          minmay_the_grid_square_5x5_megaprize_open,
          minmay_the_grid_square_5x5_v, minmay_the_grid_square_5x5_plus,
          minmay_the_grid_square_5x5_misaligned,
          minmay_the_grid_square_5x5_mess], layout_stronghold
Bailey:   bailey_polearm_5, bailey

Skill      XL: |  1  2  3  4  5  6  7  8  9 10 11 |
---------------+----------------------------------+-----
Long Blades    | 3 4 5 6 7 9 10 | 10.9
Dodging        | 3 4 5 6 7 8 |  8.0
Fighting       | 3 4 5 6 7 8 |  8.4
Armour         | 1 2 3 4 5 6 7 |  7.1
Invocations    | 2 |  2.0
Throwing       | |  1.7

Action                   |  1- 3 |  4- 6 |  7- 9 | 10-12 || total
-------------------------+-------+-------+-------+-------++-------
Melee: Long sword        |    69 |   219 |   285 |   229 ||   802
       Kick              |    13 |    73 |   111 |    86 ||   283
Throw: Throwing net      |     4 |       |       |       ||     4
Invok: Recall Ancestor   |       |       |     2 |     1 ||     3
       Ancestor Life: Ba |       |       |     1 |       ||     1
Evoke: Wand              |       |       |     2 |       ||     2
  Use: Scroll            |       |     3 |     4 |     4 ||    11
       Potion            |       |     2 |     2 |     6 ||    10
 Stab: Held in net/web   |     2 |       |       |       ||     2
       Distracted        |       |       |     1 |     2 ||     3
  Eat: Chunk             |       |     6 |    17 |     7 ||    30
       Ration            |       |     1 |     1 |       ||     2
Armor: Leather armour    |    22 |       |       |       ||    22
       Scale mail        |       |   116 |   114 |    84 ||   314
Dodge: Dodged            |    46 |   115 |   262 |   160 ||   583
       Rpst.: Long sword |    13 |    40 |    56 |    34 ||   143

Table legend:
 A = Non-vault XP
 B = Vault XP
 C = Vault XP percentage of total XP
 D = Non-vault monster count
 E = Vault monster count
 F = Vault count percentage of total count
                 A         B        C        D         E       F
            +---------+---------+-------+---------+---------+-------
      Total |    7720 |    7779 |  50.2 |     216 |      83 |  27.8
            +---------+---------+-------+---------+---------+-------
        D:1 |      34 |       2 |   5.6 |      17 |       1 |   5.6
        D:2 |     157 |      72 |  31.4 |      21 |       2 |   8.7
        D:3 |     191 |     198 |  50.9 |      25 |       4 |  13.8
        D:4 |     568 |     206 |  26.6 |      27 |       2 |   6.9
        D:5 |     361 |     641 |  64.0 |      14 |       1 |   6.7
        D:6 |    1231 |     162 |  11.6 |      24 |       1 |   4.0
        D:7 |    1849 |       7 |   0.4 |      36 |       4 |  10.0
        D:8 |    1057 |    4047 |  79.3 |      21 |      39 |  65.0
        D:9 |    2047 |     461 |  18.4 |      29 |       2 |   6.5
       D:10 |     225 |    1938 |  89.6 |       2 |      12 |  85.7
     Bailey |       0 |      45 | 100.0 |       0 |      15 | 100.0
            +---------+---------+-------+---------+---------+-------
